AoeStats
← cortex1987

Four Lakes

509426943Analyzed
1v1 RM · 5d ago on Sep 26, 2026· 34m 56s· 2 players
Game mode
Random Map
Map size
Tiny (2 player)
Population
200
Speed
Normal
Resources
Standard
Victory
Conquest
Starting age
Dark Age
Ending age
Imperial Age
RankedLock teamsTeams togetherTeam positionsShared explorationLock speedFull tech treeHidden civsTurbo modeCheats
Victory
Defeat
🇺🇸 Vikings · United States
199
+15
🇬🇧 Hindustanis · United Kingdom
176
-15
cortex1987
13:38 Feudal Age
11:56 Loom
13:55 Man-at-Arms
19:07 Wheelbarrow
19:29 Gold Mining
19:28 Double-Bit Axe
21:52 Forging
23:10 Horse Collar
28:09 Castle Age
26:33 Scale Mail Armor
27:13 Arson
29:41 Elite Skirmisher
30:55 Fletching
31:06 Padded Archer Armor
33:08 Long Swordsman
33:09 Pikeman
MickeyKeevs
11:13 Feudal Age
17:27 Double-Bit Axe
17:43 Town Watch
17:49 Loom
17:50 Horse Collar
18:03 Gold Mining
18:04 Stone Mining
18:24 Man-at-Arms
18:51 Arson
26:38 Castle Age
26:34 Scale Mail Armor
26:46 Forging
29:39 Chain Mail Armor
30:01 Iron Casting
29:17 Pikeman
29:18 Long Swordsman
30:01 Squires
Connection lost

Rejoining the realm…

Still unreachable

The connection could not be restored.

Session expired

The server has moved on; the page needs a fresh start.